 Dungeon Crawl Stone Soup version 0.17-a0-777-g32247ce (webtiles) character file.

38 namelastname112 the Charlatan (level 3, 0/28 HPs)
             Began as a Draconian Artificer on Apr 25, 2015.
             Slain by Natasha (3 damage)
             ... on level 2 of the Dungeon.
             The game lasted 00:02:07 (1251 turns).

namelastname112 the Charlatan (Draconian Artificer) Turns: 1251, Time: 00:02:07

Health: 0/28       AC:  5    Str: 13    XL:     3   Next: 25%
Magic:  5/5        EV: 12    Int: 12    God:
Gold:   68         SH:  0    Dex: 12    Spells: 0 memorised, 2 levels left

rFire  . . .     SeeInvis +     a - +0 short sword
rCold  . . .     Clarity  .     (armour unavailable)
rNeg   . . .     SustAb   .     (no shield)
rPois  .         Gourm    .     (helmet restricted)
rElec  .         Spirit   .     (no cloak)
rCorr  .         Warding  .     (no gloves)
rMut   .         Stasis   .     (no boots)
MR     .....                    (no amulet)
Stlth  ++........               (no ring)
                                g - ring of see invisible

@: not resistant to hostile enchantments, unstealthy
A: unfitting armour, cold-blooded, AC +5
a: no special abilities


You were on level 2 of the Dungeon.
You were very hungry.

You visited 1 branch of the dungeon, and saw 2 of its levels.

You collected 68 gold pieces.

Inventory:

Hand weapons
 a - a +0 short sword (weapon)
Jewellery
 g - a ring of see invisible (left hand)
Magical devices
 b - a wand of flame (11)
 c - a wand of enslavement (15)
 d - a wand of random effects (9)
Scrolls
 i - a scroll of enchant weapon {unknown}
 k - a scroll of blinking {unknown}
Potions
 h - 2 potions of curing {unknown}
 j - a potion of flight {unknown}
 l - a potion of restore abilities {unknown}
Comestibles
 e - 2 bread rations
 f - a meat ration


   Skills:
 + Level 1.4 Fighting
 + Level 2.0 Short Blades
 + Level 2.1 Dodging
 + Level 1.5 Stealth
 + Level 3.3 Evocations


You had 2 spell levels left.
You didn't know any spells.

Dungeon Overview and Level Annotations

Branches:
Dungeon (2/15)

Altars:

Annotations:
D:2 Natasha


Innate Abilities, Weirdness & Mutations

Your plain brown scales are hard (AC +5).
Your body does not fit into most forms of armour.
You are cold-blooded and may be slowed by cold attacks.


Message History

* * * LOW HITPOINT WARNING * * *
Natasha casts a spell at you. You resist with significant effort.
The shadow imp barely misses you.
Evoke which item? (* to show all) (? for menu, Esc to quit)
Zapping:
d - a wand of random effects (10)
Press: ? - help, Shift-Dir - straight line, f/p - Natasha
Aim: Natasha (severely wounded) Natasha resists with significant effort.
This wand has 9 charges left.
The crimson imp misses you.
The white imp hits you but does no damage.
Natasha drinks a potion.
Natasha is healed!
The shadow imp barely misses you.
Evoke which item? (* to show all) (? for menu, Esc to quit)
Zapping:
b - a wand of flame (12)
Press: ? - help, Shift-Dir - straight line, f/p - Natasha
Aim: Natasha (heavily wounded)
The puff of flame misses Natasha.
This wand has 11 charges left.
The crimson imp hits you.
* * * LOW HITPOINT WARNING * * *
The white imp barely misses you. Natasha claws you.
You die...

...........##+#.[.
..............#......
.....#..........)....#
+#...#..)..........[.#
.....#...............#
....................#
...#................####
>.....#.........55.....##
......##........@h:......
.....####...##...5.......
.....# #...##.†....!...
....## ##..##....######
....# #####....# ###.#
######


You could see Natasha, a crimson imp, a white imp and a shadow imp.

Vanquished Creatures
  An ooze (D:2)
  3 ball pythons (D:1)
  A giant cockroach (D:1)
  3 goblins (D:1)
  4 hobgoblins (D:1)
  2 jackals (D:1)
  7 kobolds (D:1)
  5 bats
  2 giant newts
  4 rats
32 creatures vanquished.

Notes
Turn   | Place    | Note
--------------------------------------------------------------
     0 | D:1      | namelastname112, the Draconian Artificer, began the quest for the Orb.
     0 | D:1      | Reached XP level 1. HP: 16/16 MP: 3/3
    10 | D:1      | Reached skill level 1 in Stealth
   124 | D:1      | Reached XP level 2. HP: 4/23 MP: 4/4
   969 | D:1      | Reached XP level 3. HP: 15/28 MP: 5/5
  1236 | D:2      | Noticed Natasha
  1251 | D:2      | Slain by Natasha

Action                   || total
-------------------------++-------
Melee: Short sword       ||   125
Evoke: Wand              ||    10
 Stab: Sleeping          ||     1
